 Dungeon Crawl Stone Soup version 0.32-a0-921-g04a7ad8e02 (webtiles) character file.

Game seed: 10339058422474848104

51 mopl the Chopper (level 3, -1/31 HPs)
             Began as a Mountain Dwarf Fighter on Apr 11, 2024.
             Slain by Sigmund
             ... wielding a +0 scythe
              (8 damage)
             ... on level 2 of the Dungeon.
             The game lasted 00:00:56 (826 turns).

mopl the Chopper (Mountain Dwarf Fighter)            Turns: 826, Time: 00:00:57

Health: -1/31      AC:  8    Str: 18    XL:     3   Next: 57%
Magic:  3/3        EV:  8    Int:  8    God:
Gold:   121        SH:  0    Dex: 11    Spells: 2/2 levels left

rFire   . . .        a - +0 war axe
rCold   . . .        c - +0 buckler
rNeg    . . .        b - +0 scale mail
rPois   .            (no helmet)
rElec   .            (no cloak)
rCorr   .            (no gloves)
SInv    .            j - +0 pair of boots
Will    .....        (no amulet) Stlth
                     (no ring)
HPRegen 0.25/turn    (no ring)
MPRegen 0.08/turn

%: no passive effects
@: confused
A: runic magic, artefact enchanting
a: no special abilities


You were on level 2 of the Dungeon.
You visited 1 branch of the dungeon, and saw 2 of its levels.

You collected 121 gold pieces.

Inventory:

Hand Weapons
 a - a +0 war axe (weapon)
Armour
 b - a +0 scale mail (worn)
 c - a +0 buckler (worn)
 j - a +0 pair of boots (worn)
Scrolls
 f - 2 scrolls of noise {unknown}
 i - a scroll of identify {unknown}
 m - a scroll of blinking {unknown}
 n - a scroll of enchant armour {unknown}
Potions
 d - a potion of might
 e - 2 potions of degeneration {unknown}
 g - a potion of mutation {unknown}
 h - 2 potions of cancellation {unknown}
 k - a potion of berserk rage {unknown}
 l - 2 potions of attraction {unknown}
 o - a potion of curing {unknown}


   Skills:
 - Level 3.2 Fighting
 + Level 4.9 Axes
 - Level 3.2 Armour
 - Level 3.2 Shields


You had 2 spell levels left.
You didn't know any spells.
Your spell library contained the following spells:

 Spells                   Type           Power      Damage    Failure   Level
 Freeze                   Ice            0%         1d3       58%         1
 Blink                    Tloc           0%         N/A       73%         2
 Lesser Beckoning         Tloc           0%         N/A       73%         2
 Momentum Strike          Conj/Tloc      0%         3d8       73%         2
 Frozen Ramparts          Ice            0%         1d1       91%         3
 Hailstorm                Conj/Ice       0%         3d5       91%         3


Dungeon Overview and Level Annotations

Branches:
Dungeon (2/15)

Altars:

Annotations:
D:2 Sigmund


Innate Abilities, Weirdness & Mutations

Your spellcasting is much less encumbered by armour.
You can use scrolls of enchantment on lesser artefacts.


Message History

You see here a bat corpse.
You now have 109 gold pieces (gained 3).
You now have 121 gold pieces (gained 12).
Found a stone staircase leading down.
Sigmund the Dreaded comes into view.
He is wielding a +0 scythe.
Sigmund shouts!
Sigmund giggles. "Time to reap what you sow."
Sigmund barely misses you. Sigmund hits you with a +0 scythe.
You barely miss Sigmund.
Sigmund giggles. "Time to reap what you sow."
You block Sigmund's attack.
You hit Sigmund.
Sigmund is lightly wounded.
Sigmund barely misses you.
You slash Sigmund!
Sigmund is heavily wounded.
You slash Sigmund!
Sigmund is almost dead.
Sigmund casts a spell at you. The magic dart hits you!
Sigmund closely misses you.
You hit Sigmund but do no damage.
Sigmund is almost dead.
Sigmund points at you and mumbles some strange words.
You are confused.
You are too confused!
You are too confused!
You're too confused to move!
Sigmund hits you with a +0 scythe.
You bump into the rock wall.
Sigmund breathes a few words.
Sigmund's hands start flickering wildly.
Sigmund hits you from afar with a +0 scythe!
* * * LOW HITPOINT WARNING * * *
Sigmund casts a spell at you. You resist with some effort.
You bump into the rock wall.
Sigmund asks, "Do you like me?" Sigmund hits you with a +0 scythe!
You die...
Sigmund begins carving another notch in his scythe.

(....##............#
....)..............#
#....##............#
#....##............#
#.#.#..†#..........#
..#.#.#.#.###.###### #
.....#.#####.# ...
###.###.......#####.....
................@@.>....
##..############.##.....
#...# #.# ### #.#.###
#.# #<....# ..# #.#.#.#
### #.#.#.# #.#.#.#
#.#.#.###.#


You could see Sigmund.

Vanquished Creatures
  Terence (D:2)
  An adder (D:2)
  An endoplasm (D:2)
  2 goblins (D:1)
  4 hobgoblins (D:1)
  3 ball pythons
  A bat (D:2)
  A frilled lizard (D:1)
  3 kobolds (D:1)
  A rat (D:2)
18 creatures vanquished.

Notes
Turn   | Place    | Note
-------+----------+-------------------------------------------
     0 | D:1      | mopl the Mountain Dwarf Fighter began the quest for the
                  | Orb.
     0 | D:1      | Reached XP level 1. HP: 19/19 MP: 1/1
   195 | D:1      | Reached skill level 3 in Axes
   261 | D:1      | Reached XP level 2. HP: 26/26 MP: 2/2
   642 | D:2      | Noticed Terence
   651 | D:2      | Killed Terence
   652 | D:2      | Reached skill level 4 in Axes
   652 | D:2      | Reached XP level 3. HP: 14/31 MP: 3/3
   813 | D:2      | Noticed Sigmund
   826 | D:2      | Slain by Sigmund

Illustrated notes

Levels and vault maps discovered:
D:1:      dpeg_arrival_court, layout_basic
D:2:      layout_basic, uniq_terence, uniq_sigmund

Skill      XL: |  1  2 |
---------------+-------+-----
Axes           | 3 4 |  4.9
Fighting       | |  3.2
Armour         | |  3.2
Shields        | |  3.2

Action                     || total
---------------------------++-------
  Melee: War axe           ||    62
 Armour: Scale mail        ||    58
  Dodge: Dodged            ||    21
  Block: Buckler           ||    11

Table legend: (Time is in decaauts)
 A = Elapsed time spent in this place.
 B = Non-inter-level travel time spent in this place.
 C = Inter-level travel time spent in this place.
 D = Time resting spent in this place.
 E = Time spent auto-exploring this place.
 F = Levels seen in this place.
 G = Mean time per level.
                   A        B        C        D        E       F      G
               +--------+--------+--------+--------+--------+-----+--------+
         Total |    847 |    805 |     42 |     68 |    569 |   2 |  423.5 |
       Dungeon |    847 |    805 |     42 |     68 |    569 |   2 |  423.5 |
               +--------+--------+--------+--------+--------+-----+--------+

Top non-repeatable levels by time:
     D:1: 654 daAuts
     D:2: 193 daAuts
